 Dungeon Crawl Stone Soup version 0.24-a0-244-ga6a6ab7d13 (webtiles) character file.

Game seed: 475932197660173170

30 Esekla the Skirmisher (level 3, -9/30 HPs)
             Began as a Formicid Abyssal Knight on Apr 10, 2019.
             Was a Follower of Lugonu.
             Mangled by a gnoll
             ... wielding a +0 flail
              (11 damage)
             ... on level 2 of the Dungeon.
             The game lasted 00:07:07 (865 turns).

Esekla the Skirmisher (Formicid Abyssal Knight)      Turns: 865, Time: 00:07:07

Health: -9/30      AC:  3    Str: 17    XL:     3   Next: 37%
Magic:  4/4        EV: 11    Int: 11    God:    Lugonu [*.....]
Gold:   91         SH:  0    Dex: 10    Spells: 2/2 levels left

rFire    . . .     SeeInvis +   d - +2 dagger (venom)
rCold    . . .     Gourm    .   (no shield)
rNeg     . . .     Faith    .   b - +0 leather armour
rPois    .         Spirit   .   (helmet unavailable)
rElec    .         Reflect  .   (no cloak)
rCorr    .         Harm     .   (no gloves)
MR       .....                  (no boots)
Stlth    +.........             (no amulet)
HPRegen  0.10/turn              (no ring)
MPRegen  0.09/turn              (no ring)

@: no status effects
A: permanent stasis, dig shafts and tunnels, four strong arms, antennae 3
a: Dig, Shaft Self, Depart the Abyss, Renounce Religion


You were on level 2 of the Dungeon.
You worshipped Lugonu.
Lugonu was aware of your devotion.
You were not hungry.

You visited 1 branch of the dungeon, and saw 2 of its levels.
You visited the Abyss 1 time.

You collected 91 gold pieces.

Inventory:

Hand Weapons
 a - a +1 hand axe
 d - a +2 dagger of venom (weapon)
Armour
 b - a +0 leather armour (worn)
Scrolls
 f - 3 scrolls of magic mapping {unknown}
 g - 2 scrolls of amnesia {unknown}
 h - a scroll of identify {unknown}
 k - a scroll of fear {unknown}
 m - a scroll of teleportation {unknown}
 o - a scroll of remove curse {unknown}
Potions
 e - a potion of cancellation {unknown}
 i - a potion of haste {unknown}
 j - a potion of curing {unknown}
 l - a potion of invisibility {unknown}
 n - a potion of heal wounds {unknown}
Comestibles
 c - 2 rations


   Skills:
 * Level 4.0 Fighting
 * Level 0.3 Short Blades
 + Level 2.1 Axes
 + Level 2.3 Armour
 + Level 0.9 Dodging
 * Level 1.0 Stealth
 + Level 2.6 Invocations


You had 2 spell levels left.
You didn't know any spells.
Your spell library contained the following spells:

 Spells                   Type           Power        Failure   Level  Hunger
 Confusing Touch          Hex            #.....       38%         1    ##.....
 Confuse                  Hex            #.......     77%         3    ####...
 Gell's Gravitas          Tloc           #.........   77%         3    ####...
 Petrify                  Tmut/Erth      #.......     99%         4    #####..
 Metabolic Englaciation   Hex/Ice        #.........   100%        5    ######.
 Yara's Violent Unravell  Hex/Tmut       #.........   100%        5    ######.


Dungeon Overview and Level Annotations

Branches:
Dungeon (2/15)

Altars:


Innate Abilities, Weirdness & Mutations

You cannot be hasted, slowed, berserked, paralysed or teleported.
You can dig through walls and to a lower floor.
Your four strong arms can wield two-handed weapons with a shield.
You have a pair of large antennae on your head. (SInv)


Message History

The gnoll is lightly wounded.
You kill the gnoll!
Lugonu accepts your kill.
Your Fighting skill increases to level 4!
Your Stealth skill increases to level 1!
The gnoll hits you from afar with a +0 spear.
* * * LOW HITPOINT WARNING * * *
The quokka bites you.
* * * LOW HITPOINT WARNING * * *
The gnoll hits you from afar with a +0 spear.
* * * LOW HITPOINT WARNING * * *
There is a stone staircase leading down here.
The gnoll hits you from afar with a +0 spear.
* * * LOW HITPOINT WARNING * * *
Are you sure you want to shaft yourself?
You feel quite a bit more hungry. The gnoll misses you.
The gnoll barely misses you.
You begin to dig a shaft.
You continue digging a shaft.
The gnoll hits you with a +0 flail!
You die...

####### #.....# #.....#
###########.....#
#.....>..##.....#
#........##.g...#
#........##r†...#
########........@gg....#
.............#####.....#
#....######..# #.....#
####.### #..# #.....#
#....# ..... ........
#....###.####. .########
#........### ##
#.......... #....#...#


You could see 3 gnolls and a quokka.

Vanquished Creatures
  A gnoll (D:2)
  2 dart slugs (D:1)
  2 giant cockroaches (D:2)
  4 goblins
  5 bats
  A frilled lizard (D:2)
  2 kobolds (D:1)
  2 rats
19 creatures vanquished.

Notes
Turn   | Place    | Note
-------+----------+-------------------------------------------
     0 | Abyss:1  | Esekla the Formicid Abyssal Knight began the quest for the
                  | Orb.
     0 | Abyss:1  | Reached XP level 1. HP: 18/18 MP: 2/2
    72 | Abyss:2  | Noticed a chaos spawn
   106 | Abyss:3  | Noticed a small abomination
   113 | D:1      | Escaped the Abyss
   169 | D:1      | Reached XP level 2. HP: 24/24 MP: 3/3
   802 | D:2      | Reached XP level 3. HP: 29/30 MP: 4/4
   861 | D:2      | Reached skill level 4 in Fighting
   861 | D:2      | Reached skill level 1 in Stealth
   865 | D:2      | Mangled by a gnoll

Levels and vault maps discovered:
D:1:      minmay_arrival_cross, layout_basic
D:2:      layout_rooms
Abyss:1
Abyss:2:  minivault_13
Abyss:3:  evilmike_abyss_exit_13, evilmike_abyss_rune_ettins

Skill      XL: |  1  2  3 |
---------------+----------+-----
Fighting       | 4 |  4.0
Stealth        | 1 |  1.0
Short Blades   | |  0.3
Axes           | |  2.1
Armour         | |  2.3
Dodging        | |  0.9
Invocations    | |  2.6

Action                   || total
-------------------------++-------
Melee: Dagger            ||    42
 Abil: Shaft Self        ||     1
Armor: Leather armour    ||    12
Dodge: Dodged            ||    26

Table legend:
 A = Non-vault XP
 B = Vault XP
 C = Vault XP percentage of total XP
 D = Non-vault monster count
 E = Vault monster count
 F = Vault count percentage of total count
                 A         B        C        D         E       F
            +---------+---------+-------+---------+---------+-------
      Total |      44 |       0 |   0.0 |      19 |       0 |   0.0
            +---------+---------+-------+---------+---------+-------
        D:1 |      21 |       0 |   0.0 |      12 |       0 |   0.0
        D:2 |      23 |       0 |   0.0 |       7 |       0 |   0.0
            +---------+---------+-------+---------+---------+-------
